 Seeded DCSS version 0.27-a0-29-g2d0a2396b0 (webtiles) character file.

Game seed: 3165166927895876312 (custom seed)

42193 muata the Warrior (level 13, -3/130 HPs)
             Began as a Minotaur Berserker on Dec 29, 2020.
             Was an Elder of Trog.
             Slain by a red ugly thing (21 damage)
             ... on level 14 of the Dungeon on Jan 3, 2021.
             The game lasted 01:23:57 (20771 turns).

muata the Warrior (Minotaur Berserker)             Turns: 20771, Time: 01:23:57

Health: -3/130     AC: 22    Str: 31    XL:     13   Next: 84%
Magic:  12/12      EV:  9    Int:  8    God:    Trog [****..]
Gold:   971        SH:  5    Dex: 11    Spells: 12/12 levels left

rFire    . . .     SeeInvis .   T - +10 demon blade "Finiryi" {flame, rPois rF+ Will- Str+2}
rCold    + . .     Faith    .   (no shield)
rNeg     . . .     Spirit   .   a - +0 plate armour of Dramatic Exits {Str+3 Int+4}
rPois    +         Reflect  +   (helmet restricted)
rElec    .         Harm     .   S - +0 cloak {Stlth+}
rCorr    .         Rampage  .   F - +1 pair of gloves
Will     +....                  L - +0 pair of boots
Stlth    ..........             M - amulet of reflection
HPRegen  1.31/turn              r - ring of ice
MPRegen  0.13/turn              (no ring)

@: regenerating, studying Fighting
A: retaliatory headbutt, horns 2
a: Renounce Religion, Berserk, Trog's Hand, Brothers in Arms


You were on level 14 of the Dungeon.
You worshipped Trog.
Trog was greatly pleased with you.
You visited 1 branch of the dungeon, and saw 15 of its levels.
You visited 1 bazaar.
You also visited: Sewer and Bailey.

You collected 971 gold pieces.

Inventory:

Hand Weapons
 x - a +5 antimagic quick blade
 C - the +7 rapier of Bankruptcy {vorpal, rElec rPois Dex+2, Murder the Magic}
   (You took it off an orc on level 6 of the Dungeon)

   It inflicts extra damage upon your enemies.
   It affects your dexterity (+2).
   It insulates you from electricity.
   It protects you from poison.
 R - a +0 battleaxe
 T - the +10 demon blade "Finiryi" (weapon) {flame, rPois rF+ Will- Str+2}
   (You found it on level 14 of the Dungeon)

   It has been specially enchanted to burn those struck by it, causing extra
   injury to most foes and up to half again as much damage against particularly
   susceptible opponents.
   Big, fiery blades are also staple armaments of hydra-hunters.
   It affects your strength (+2).
   It protects you from fire.
   It protects you from poison.
   It affects your willpower, your defense against some magical effects.
Missiles
 f - 93 poisoned darts (quivered)
 l - 7 curare-tipped darts
 u - 369 stones
 N - 20 javelins
 V - 13 boomerangs
Armour
 a - the +0 plate armour of Dramatic Exits (worn) {Str+3 Int+4}
   (You found it on level 11 of the Dungeon)

   It affects your strength (+3).
   It affects your intelligence (+4).
 F - a +1 pair of gloves (worn)
 L - a +0 pair of boots (worn)
 S - a +0 cloak of stealth (worn)
 X - a +0 buckler
Jewellery
 r - a ring of ice (left hand)
 z - an uncursed ring of ice
 M - an amulet of reflection (around neck)
 U - an uncursed amulet of guardian spirit
Wands
 D - a wand of enslavement (13)
Scrolls
 c - 5 scrolls of fear
 g - 6 scrolls of identify
 i - 9 scrolls of remove curse
 m - a scroll of torment {unknown}
 o - 11 scrolls of teleportation
 q - 2 scrolls of enchant weapon {unknown}
 t - a scroll of noise {unknown}
 v - 5 scrolls of magic mapping {unknown}
 w - 7 scrolls of blinking
 y - a scroll of summoning {unknown}
 E - 4 scrolls of enchant armour {unknown}
 J - a scroll of random uselessness {unknown}
 W - 3 scrolls of immolation {unknown}
 Y - a scroll of acquirement {unknown}
 Z - a scroll of amnesia {unknown}
Potions
 b - 5 potions of heal wounds
 d - 2 potions of ambrosia {unknown}
 e - 3 potions of might
 h - 3 potions of invisibility
 j - a potion of brilliance {unknown}
 k - 3 potions of haste {unknown}
 n - 3 potions of magic {unknown}
 p - 3 potions of attraction {unknown}
 s - 2 potions of berserk rage {unknown}
 A - 3 potions of degeneration {unknown}
 B - a potion of lignification {unknown}
 G - 4 potions of curing
 H - a potion of flight {unknown}
 I - 2 potions of mutation {unknown}
 K - a potion of cancellation {unknown}
 Q - a potion of experience {unknown}
Books
 O - a manual of Fighting


   Skills:
 + Level 16.8 Fighting
 - Level 14.0(14.1) Short Blades
 * Level 3.9(10.8) Long Blades
 - Level 8.1 Axes
 - Level 10.2 Throwing
 + Level 13.7 Armour
 - Level 2.1 Dodging


You had 12 spell levels left.
You didn't know any spells.
Your spell library was empty.

Dungeon Overview and Level Annotations

Branches:
Dungeon (15/15)            Temple (0/1) D:4            Lair (0/6) D:8
    Orc (0/2) D:12         Vaults (0/5) D:13          Sewer (visited)
 Bailey (visited)
 Depths: D:15

Altars:
Cheibriados
Fedhas
Kikubaaqudgha
Nemelex Xobeh
Qazlal
Trog
Vehumet
Yredelemnul
Zin

Shops:
D:9 [   D:11 =:   D:13 :

Annotations:
D:4 2 transporters
D:8 exclusion: 2 oklob plants


Innate Abilities, Weirdness & Mutations

You reflexively headbutt those who attack you in melee.
You have a pair of horns on your head.


Message History

There is a stone staircase leading down here.
Your two-headed ogre goes berserk!
The ettin hits you with a +0 dire flail!!
The ettin hits you with a +0 great mace!!
You block the red ugly thing's attack.
Your skin crawls.
You feel strong-willed. Trog will no longer gift you weapons.
The hell knight casts a spell.
The hell knight seems to speed up.
Your two-headed ogre barely misses the red ugly thing.
Your two-headed ogre hits the red ugly thing with a +0 giant spiked club!!
The ettin barely misses you. You furiously retaliate!
You headbutt the ettin, but do no damage.
The ettin hits you with a +0 great mace!!
* * * LOW HITPOINT WARNING * * *
The red ugly thing tentacle-slaps you.
* * * LOW HITPOINT WARNING * * *
You are engulfed in flames!!
You die...

######## #p.....#
#C####.###########
#@##..............
#u##.#.###########
#O##.....#
#........#
####.....# #.....#
#.....#########
###.####.......
#.# #.....##.


You could see a red ugly thing, an ettin, a hell knight (fast) and a friendly
two-headed ogre (summoned, berserk).

Vanquished Creatures
  Agnes (D:14)
  Louise (D:14)
  A yaktaur captain (D:15)
  2 hydras
  A rakshasa (D:13)
  A boulder beetle (D:12)
  4 centaur warriors
  6 two-headed ogres
  Urug (D:10)
  An unseen horror (shapeshifter) (D:13)
  2 wizards
  2 necromancers (D:13)
  A harpy (shapeshifter) (D:14)
  A wolf spider zombie (D:14)
  2 deep elf magi
  7 cyclopes
  10 ugly things
  Maurice (D:13)
  A centaur zombie (D:13)
  A gargoyle (D:14)
  2 kobold demonologists
  A komodo dragon (shapeshifter) (D:15)
  2 komodo dragons
  3 meliai (D:14)
  A queen bee (shapeshifter) (D:14)
  3 trolls
  A hornet (D:14)
  A dream sheep (D:12)
  Grinder (D:4)
  Sigmund (D:2)
  3 shadows
  2 wyverns
  3 wraiths
  2 vampires
  10 vampire mosquitoes
  2 wargs (D:8)
  An acid dragon (D:13)
  2 water moccasins
  Duvessa (D:6)
  2 ice beasts
  17 orc warriors
  2 necrophages
  A black bear (D:11)
  4 phantoms
  6 ogres
  An eye of draining (D:13)
  3 sky beasts
  23 centaurs
  5 big kobolds
  12 bullfrogs
  A water moccasin zombie (D:9)
  Dowan (D:6)
  2 scorpions
  2 wyvern skeletons
  4 killer bees (D:9)
  15 wights
  3 howler monkeys
  2 quasits
  4 bullfrog zombies
  10 orc priests
  4 bullfrog skeletons
  A centaur skeleton (D:10)
  5 hounds
  4 jellies
  4 iguanas
  13 orc wizards
  8 worker ants
  A killer bee zombie (D:4)
  A hound zombie (D:5)
  2 hound skeletons
  A howler monkey zombie (D:7)
  A worker ant zombie (D:5)
  2 river rats (D:5)
  16 adders
  11 gnolls
  A howler monkey skeleton (D:5)
  A shadow imp (D:9)
  A white imp (D:8)
  An ufetubus (D:5)
  2 oozes
  An adder zombie (D:5)
  An adder skeleton (D:8)
  7 worms
  A dart slug (D:3)
  9 leopard geckos
  93 orcs
  5 ball pythons
  5 giant cockroaches
  4 goblins
  7 hobgoblins
  21 jackals
  25 kobolds
  3 quokkas
  12 bats
  11 frilled lizards
  A leopard gecko skeleton (D:5)
  A quokka skeleton (D:7)
  11 rats
507 creatures vanquished.

Vanquished Creatures (collateral kills)
  A boulder beetle (D:14)
  A centaur warrior (D:14)
  An ugly thing (D:12)
  A cyclops (D:14)
  A dream sheep (D:12)
  A phantom (D:14)
  2 ogres (D:10)
  An eye of draining (D:13)
  4 centaurs (D:14)
  A big kobold (D:12)
  An electric eel (D:14)
  An orc priest (D:8)
  A worker ant (D:13)
  3 goblins (D:8)
20 creatures vanquished.

Vanquished Creatures (others)
  A worker ant (D:12)
  2 orcs
  A fungus (D:5)
  28 plants
32 creatures vanquished.

Grand Total: 559 creatures vanquished

Notes
Turn   | Place    | Note
-------+----------+-------------------------------------------
     0 | D:1      | muata the Minotaur Berserker began the quest for the Orb.
     0 | D:1      | Reached XP level 1. HP: 19/19 MP: 0/0
   260 | D:1      | Reached XP level 2. HP: 21/27 MP: 1/1
   359 | D:1      | Reached skill level 4 in Fighting
   922 | D:2      | Reached XP level 3. HP: 33/33 MP: 2/2
  1037 | D:2      | Reached ** piety under Trog
  1041 | D:2      | Noticed Sigmund
  1057 | D:2      | Killed Sigmund
  1058 | D:2      | Reached skill level 5 in Fighting
  1058 | D:2      | Reached skill level 5 in Axes
  1058 | D:2      | Reached XP level 4. HP: 42/42 MP: 3/3
  1058 | D:2      | Reached XP level 5. HP: 48/48 MP: 4/4
  1458 | D:2      | Noticed a moth of wrath
  1461 | D:2      | Found a bloodstained altar of Trog.
  2003 | D:3      | Found a snail-covered altar of Cheibriados.
  2071 | D:3      | Reached XP level 6. HP: 56/56 MP: 5/5
  2720 | D:3      | Reached skill level 5 in Armour
  2900 | D:3      | Reached *** piety under Trog
  3131 | D:4      | Found a transporter.
  3139 | D:4      | Noticed a fire bat
  3140 | D:4      | Noticed a fire bat
  3140 | D:4      | Noticed a fire bat
  3220 | D:4      | Found a staircase to the Ecumenical Temple.
  3350 | D:4      | Reached skill level 6 in Fighting
  3446 | D:4      | Found a transporter.
  3576 | D:4      | Found a sparkling altar of Nemelex Xobeh.
  3798 | D:4      | Noticed Grinder
  3805 | D:4      | Paralysed by Grinder for 4 turns
  3812 | D:4      | Killed Grinder
  3813 | D:4      | Reached XP level 7. HP: 36/64 MP: 6/6
  4174 | D:5      | Entered Level 5 of the Dungeon
  4264 | D:5      | Found a blossoming altar of Fedhas.
  4266 | D:5      | Found a stormy altar of Qazlal.
  4356 | D:5      | Found a glowing drain.
  4364 | D:5      | Reached **** piety under Trog
  4365 | D:5      | Reached skill level 7 in Fighting
  4369 | Sewer    | Entered a sewer
  5891 | D:6      | Found an ancient bone altar of Kikubaaqudgha.
  6113 | D:6      | Reached XP level 8. HP: 61/73 MP: 7/7
  6236 | D:6      | Noticed Dowan
  6236 | D:6      | Noticed Duvessa
  6284 | D:6      | Killed Dowan
  6294 | D:6      | Killed Duvessa
  6295 | D:6      | Reached skill level 8 in Fighting
  6337 | D:6      | Identified the +7 rapier of Bankruptcy {vorpal, rElec rPois
                  | Dex+2}
  6932 | D:6      | Reached skill level 1 in Short Blades
  7231 | D:6      | Found a glowing silver altar of Zin.
  7809 | D:7      | Reached XP level 9. HP: 69/81 MP: 8/8
  8042 | D:7      | Reached skill level 5 in Short Blades
  8461 | D:8      | Found a staircase to the Lair.
  8638 | D:8      | Found a blossoming altar of Fedhas.
  8640 | D:8      | Noticed an oklob plant
  8640 | D:8      | Noticed an oklob plant
  8718 | D:8      | Reached ***** piety under Trog
  9004 | D:8      | Found a flagged portal.
  9009 | D:8      | Reached skill level 10 in Armour
  9020 | Bailey   | Entered a bailey
  9295 | Bailey   | Reached XP level 10. HP: 39/90 MP: 9/9
 10336 | Bailey   | Reached skill level 9 in Fighting
 11692 | D:8      | Got an opalescent robe
 11706 | D:8      | Identified the cursed +0 robe of Entitlement {rElec Will+
                  | Int+4 Dex-5} (You found it on level 8 of the Dungeon)
 11923 | D:9      | Found a bloodstained altar of Trog.
 11925 | D:9      | Found a radiant altar of Vehumet.
 12376 | D:9      | Found Wixisex's Antique Armour Shoppe.
 12519 | D:9      | Received a gift from Trog
 12692 | D:10     | Entered Level 10 of the Dungeon
 12752 | D:10     | Noticed Urug
 12765 | D:10     | Killed Urug
 12766 | D:10     | Reached skill level 10 in Fighting
 12766 | D:10     | Reached skill level 10 in Short Blades
 12953 | D:10     | Got a crystal great sword
 12959 | D:10     | Identified the cursed +2 great sword "Yniseoch" {flame,
                  | rElec rPois rC++ Dex-4} (You found it on level 10 of the
                  | Dungeon)
 13040 | D:10     | Noticed a two-headed ogre
 13040 | D:10     | Noticed a two-headed ogre
 13047 | D:10     | Killed a two-headed ogre
 13048 | D:10     | Reached skill level 11 in Fighting
 13049 | D:10     | Killed a two-headed ogre
 13055 | D:10     | Reached XP level 11. HP: 102/102 MP: 10/10
 13106 | D:10     | Got a masterwork long sword
 13107 | D:10     | Identified the cursed +0 long sword of Vengeance {flame,
                  | rElec} (You found it on level 10 of the Dungeon)
 13263 | D:10     | Noticed a brown ugly thing
 13273 | D:10     | Killed a brown ugly thing
 13609 | D:11     | Reached skill level 12 in Fighting
 13680 | D:11     | Noticed a two-headed ogre
 13698 | D:11     | Killed a two-headed ogre
 13720 | D:11     | Got a smoking plate armour
 13770 | D:11     | Identified the +0 plate armour of Dramatic Exits {Str+3
                  | Int+4} (You found it on level 11 of the Dungeon)
 13874 | D:11     | Found Otema's Jewellery Boutique.
 14161 | D:11     | Found Ethoni's Book Emporium.
 14489 | D:12     | Noticed a red ugly thing
 14501 | D:12     | Killed a red ugly thing
 14538 | D:12     | Noticed a three-headed hydra
 14542 | D:12     | Killed a three-headed hydra
 14633 | D:12     | Found a flickering gateway to a bazaar.
 14657 | Bazaar   | Entered a bazaar
 14675 | Bazaar   | Found Vokunt's Antique Armour Emporium.
 14688 | Bazaar   | Found Sogeces's Assorted Antiques.
 14701 | Bazaar   | Found Oseifip's Distillery.
 14701 | Bazaar   | Found Jevaeff's Gadget Shoppe.
 14714 | Bazaar   | Found Mifa's Book Emporium.
 14714 | Bazaar   | Found Qoteholu's Antique Weapon Shoppe.
 15344 | D:12     | Noticed a boulder beetle
 15377 | D:12     | Killed a boulder beetle
 15698 | D:12     | Found a staircase to the Orcish Mines.
 16025 | D:13     | Reached skill level 1 in Throwing
 16039 | D:13     | Found Fejon's Book Shoppe.
 16294 | D:13     | Noticed Maurice
 16302 | D:13     | Killed Maurice
 16391 | D:13     | Reached XP level 12. HP: 113/113 MP: 11/11
 16413 | D:13     | Reached skill level 13 in Fighting
 16423 | D:13     | Noticed a rakshasa
 16620 | D:13     | Killed a rakshasa
 16763 | D:13     | Noticed a two-headed ogre
 16769 | D:13     | Killed a two-headed ogre
 16994 | D:13     | Reached skill level 5 in Throwing
 17249 | D:13     | Noticed a two-headed ogre
 17266 | D:13     | Killed a two-headed ogre
 17300 | D:13     | Reached skill level 14 in Fighting
 17461 | D:13     | Found a gate to the Vaults.
 17790 | D:14     | Noticed a centaur warrior
 17803 | D:14     | Killed a centaur warrior
 17832 | D:14     | Noticed a centaur warrior
 17840 | D:14     | Killed a centaur warrior
 18004 | D:14     | Noticed Louise
 18048 | D:14     | Killed Louise
 18264 | D:14     | Upgraded the game from 0.26-a0-1191-ge2a0e31ab3 to
                  | 0.26-a0-1222-g14533b3512
 18277 | D:14     | Noticed a centaur warrior
 18284 | D:14     | Killed a centaur warrior
 18285 | D:14     | Reached skill level 15 in Fighting
 18349 | D:14     | Reached XP level 13. HP: 101/126 MP: 12/12
 18562 | D:14     | Received a gift from Trog
 18634 | D:14     | Upgraded the game from 0.26-a0-1222-g14533b3512 to
                  | 0.27-a0-29-g2d0a2396b0
 19310 | D:14     | Got a fine demon blade
 19311 | D:14     | Identified the +10 demon blade "Finiryi" {flame, rPois rF+
                  | Will- Str+2} (You found it on level 14 of the Dungeon)
 19529 | D:14     | Noticed Agnes
 19536 | D:14     | Killed Agnes
 19537 | D:14     | Reached skill level 16 in Fighting
 19842 | D:15     | Entered Level 15 of the Dungeon
 19865 | D:15     | Found a basalt altar of Yredelemnul.
 19870 | D:15     | Reached skill level 10 in Throwing
 20304 | D:15     | Reached skill level 1 in Long Blades
 20607 | D:15     | Noticed an ettin
 20607 | D:15     | Identified the +5 great mace of Truncation {flame, Int+4
                  | SInv}
 20607 | D:15     | Noticed a fire giant
 20636 | D:15     | Noticed an ettin
 20771 | D:14     | Slain by a red ugly thing

Illustrated notes

Levels and vault maps discovered:
D:1:      saegor_arrival_simple_b, layout_basic
D:2:      layout_loops_cross, minivault_11, tgw_trog, uniq_sigmund
D:3:      layout_basic, overflow_temple_1_default, minmay_surrounded
D:4:      gammafunk_cloud_chamber, layout_basic, minmay_temple_entry_junction,
          nemelex_xobeh_ov_fountains_minmay, uniq_grinder
D:5:      layout_layer_cave, grunt_temple_overflow_forces_of_nature,
          portal_sewer_entry_e, chequers_serial_rivers_micro_e
D:6:      layout_basic, zin_treasury, basic_altar, corexii_shack, uniq_duvessa
D:7:      layout_rooms, kennysheep_big_empty_room
D:8:      layout_gridville, erik_lair_orcish_takeover, enter_bailey_5,
          hangedman_tree_tricks
D:9:      layout_basic, chequers_temple_overflow_statue_of_worship,
          serial_shops, nicolae_shop_waterfront
D:10:     layout_rooms, minmay_bent, uniq_urug
D:11:     layout_loops_ring, serial_shops, nicolae_shop_waterfront, shop,
          small_statue_intersection
D:12:     layout_long_grid, hiddenorc2_lemuel, serial_shops, freezing_bzr,
          hangedman_ranch [blue_anna_fruit_fields]
D:13:     layout_long_grid, david_vaults_1, serial_shops, shop,
          minmay_fractal_squares_5, uniq_maurice
D:14:     layout_loops_cross, fountainhead, uniq_louise, uniq_agnes
D:15:     hangedman_depths_entry_civil_slaughter, layout_cave_pools,
          dk_noncrumbling_2, gammafunk_ghost_smash, minmay_ruined_shrine

Skill      XL: |  1  2  3  4  5  6  7  8  9 10 11 12 13 |
---------------+----------------------------------------+-----
Fighting       | 4 5 6 7 8 11 12 15 16 | 16.8
Axes           | 4 5 6 7 8 |  8.1
Armour         | 3 4 6 8 10 11 12 13 | 13.7
Short Blades   | 4 8 11 14 | 14.0
Throwing       | 2 7 10 | 10.2
Long Blades    | 3 |  3.9
Dodging        | |  2.1

Action                   |  1- 3 |  4- 6 |  7- 9 | 10-12 | 13-15 || total
-------------------------+-------+-------+-------+-------+-------++-------
Melee: Hand axe          |    61 |   115 |   186 |       |       ||   362
       Headbutt          |     6 |    20 |    60 |   136 |    44 ||   266
       Scythe            |       |    29 |       |       |       ||    29
       Rapier            |       |       |   185 |   611 |    55 ||   851
       Demon blade       |       |       |       |       |    80 ||    80
       Quick blade       |       |       |       |       |    23 ||    23
Throw: Dart              |       |       |     4 |    29 |       ||    33
       Stone             |       |       |       |     9 |       ||     9
       Boomerang         |       |       |       |    25 |     1 ||    26
Invok: Berserk           |     1 |     4 |     5 |    12 |     5 ||    27
       Trog's Hand       |     1 |     1 |     2 |     7 |     3 ||    14
       Brothers in Arms  |       |       |     1 |     7 |     2 ||    10
  Use: Scroll            |       |       |     4 |     7 |       ||    11
       Potion            |       |       |       |     3 |       ||     3
Armor: Animal skin       |     7 |       |       |       |       ||     7
       Ring mail         |    17 |    53 |       |       |       ||    70
       Chain mail        |       |       |   189 |   153 |       ||   342
       Plate armour      |       |       |       |   161 |    68 ||   229
Dodge: Dodged            |    47 |    94 |   148 |   214 |    49 ||   552
Block: Buckler           |       |       |       |     2 |       ||     2
       Other             |       |       |       |    73 |    28 ||   101
       Reflection        |       |       |       |     7 |     4 ||    11
       Rpst.: Demon blade |       |       |       |       |     6 ||     6

Table legend: (Time is in decaauts)
 A = Elapsed time spent in this place.
 B = Non-inter-level travel time spent in this place.
 C = Inter-level travel time spent in this place.
 D = Time resting spent in this place.
 E = Time spent auto-exploring this place.
 F = Levels seen in this place.
 G = Mean time per level.
                   A        B        C        D        E       F      G
               +--------+--------+--------+--------+--------+-----+--------+
         Total |  20953 |  20091 |    862 |   5400 |   9142 |  18 | 1164.1 |
       Dungeon |  17481 |  16619 |    862 |   3989 |   8336 |  15 | 1165.4 |
        Bazaar |    341 |    341 |      0 |      0 |     46 |   1 |  341.0 |
         Sewer |    985 |    985 |      0 |    104 |    436 |   1 |  985.0 |
        Bailey |   2145 |   2145 |      0 |   1307 |    323 |   1 | 2145.0 |
               +--------+--------+--------+--------+--------+-----+--------+

Top non-repeatable levels by time:
    D:14: 2647 daAuts
  Bailey: 2145 daAuts
     D:6: 1703 daAuts
    D:13: 1569 daAuts
    D:12: 1332 daAuts
     D:8: 1206 daAuts
     D:4: 1151 daAuts
     D:3: 1109 daAuts
     D:2: 1105 daAuts
   Sewer: 985 daAuts
     D:9: 946 daAuts
     D:5: 906 daAuts
     D:1: 889 daAuts
    D:10: 887 daAuts
    D:11: 883 daAuts
